 Dungeon Crawl Stone Soup version 0.23.0-2-g0fe3ce5905 (webtiles) character file.

Game seed: 7742014863566162869

48 Laan the Changer (level 4, 0/32 HPs)
             Began as a Formicid Transmuter on Feb 20, 2019.
             Succumbed to an adder's poison
             ... on level 1 of the Dungeon.
             The game lasted 00:04:37 (1086 turns).

Laan the Changer (Formicid Transmuter)              Turns: 1086, Time: 00:04:37

Health: 0/32       AC:  7    Str: 20    XL:     4   Next: 0%
Magic:  6/7        EV: 17    Int: 13    God:
Gold:   54         SH:  0    Dex: 16    Spells: 6/7 levels left

rFire    . . .     SeeInvis +     - Unarmed
rCold    . . .     Gourm    .   (no shield)
rNeg     . . .     Faith    .   b - +0 robe
rPois    +         Spirit   .   (helmet unavailable)
rElec    .         Reflect  .   (no cloak)
rCorr    .         Harm     .   (no gloves)
MR       .....                  (no boots)
Stlth    ++........             (no amulet)
HPRegen  0.10/turn              o - +2 ring of protection
MPRegen  0.10/turn              (no ring)

@: mighty, agile, lethally poisoned (0 -> -2), flying, very slightly
contaminated
A: permanent stasis, dig shafts and tunnels, four strong arms, antennae 3, slimy
green scales 1, poison resistance, screaming 1, shaggy fur 1
a: Dig, Shaft Self


You were on level 1 of the Dungeon.
You were not hungry.

You visited 1 branch of the dungeon, and saw 2 of its levels.

You collected 54 gold pieces.

Inventory:

Missiles
 a - 12 arrows
Armour
 b - a +0 robe (worn)
Jewellery
 o - a +2 ring of protection (left hand)
Scrolls
 e - 3 scrolls of fog {unknown}
 h - a scroll of teleportation {unknown}
 k - a scroll of random uselessness {unknown}
 l - 2 scrolls of remove curse {unknown}
 m - a scroll of immolation {unknown}
 n - 2 scrolls of identify {unknown}
 p - a scroll of magic mapping {unknown}
 r - a scroll of amnesia {unknown}
Potions
 g - a potion of flight
 q - a potion of mutation
Comestibles
 d - 3 rations


   Skills:
 - Level 1.1 Fighting
 - Level 1.7 Dodging
 + Level 3.5 Unarmed Combat
 - Level 2.1 Spellcasting
 * Level 3.8 Transmutations


You had 6 spell levels left.
You knew the following spells:

 Your Spells              Type           Power        Failure   Level  Hunger
a - Beastly Appendage     Tmut           ##....       5%          1    ##.....

Your spell library contained the following spells:

 Spells                   Type           Power        Failure   Level  Hunger
 Sticks to Snakes         Tmut           ##......     8%          2    ###....
 Spider Form              Tmut/Pois      #.........   34%         3    ####...
 Ice Form                 Ice/Tmut       #.......     75%         4    #####..
 Blade Hands              Tmut           ##........   82%         5    ######.


Dungeon Overview and Level Annotations

Branches:
Dungeon (2/15)

Altars:


Innate Abilities, Weirdness & Mutations

You cannot be hasted, slowed, berserked, paralysed or teleported.
You can dig through walls and to a lower floor.
Your four strong arms can wield two-handed weapons with a shield.
You have a pair of large antennae on your head. (SInv)
You are partially covered in slimy green scales. (AC +2)
Your system is resistant to poisons. (rPois)
You occasionally shout uncontrollably at your foes.
You are covered in fur. (AC +1)


Message History

You punch the adder!
You kill the adder!
You punch the hobgoblin!
You kill the hobgoblin!
You have reached level 4!
You feel stronger.
Really quaff the potion of mutation?
You feel extremely strange.
You feel stronger.
Your thinking seems confused.
Fur sprouts all over your body.
You feel the urge to shout.
You feel resistant to poisons.
Slimy green scales grow over part of your body.
* * * LOW HITPOINT WARNING * * *
You feel sick.
There is a lethal amount of poison in your body!
* * * LOW HITPOINT WARNING * * *
You feel sick.
* * * LOW HITPOINT WARNING * * *
You feel sick.
You die...

≈≈.P.≈≈≈##..#
#...#..÷.....#...#
≈≈≈≈≈≈≈##...#
#...########.#...#
########....#
#...#........#....
###..##
#.#.#.########..##
##..#
#(#............##
##.###...........)###
#..##.############
##.##.# #.##@# #.##)#
##..#'### #.......#
#.......# #.......#
#...(...# #.......#
#....>..#


There were no monsters in sight!

Vanquished Creatures
  An adder (D:1)
  3 leopard geckos (D:1)
  3 giant cockroaches (D:1)
  3 goblins
  4 hobgoblins (D:1)
  4 jackals
  3 ball pythons
  5 bats (D:1)
  2 frilled lizards (D:1)
  2 kobolds (D:1)
  4 rats (D:1)
34 creatures vanquished.

Notes
Turn   | Place    | Note
-------+----------+-------------------------------------------
     0 | D:1      | Laan the Formicid Transmuter began the quest for the Orb.
     0 | D:1      | Reached XP level 1. HP: 15/15 MP: 3/3
   107 | D:1      | Reached XP level 2. HP: 21/21 MP: 3/5
   555 | D:1      | Reached XP level 3. HP: 19/26 MP: 6/6
  1070 | D:1      | Gained mutation: You are weak. (Str -2) [potion of
                  | mutation]
  1070 | D:1      | Gained mutation: You possess an exceptional clarity of
                  | mind. [potion of mutation]
  1076 | D:1      | Reached XP level 4. HP: 3/32 MP: 5/7
  1077 | D:1      | Lost mutation: You are weak. (Str -2) [potion of mutation]
  1077 | D:1      | Lost mutation: You possess an exceptional clarity of mind.
                  | [potion of mutation]
  1077 | D:1      | Gained mutation: You are covered in fur. (AC +1) [potion of
                  | mutation]
  1077 | D:1      | Gained mutation: You occasionally shout uncontrollably at
                  | your foes. [potion of mutation]
  1077 | D:1      | Gained mutation: Your system is resistant to poisons.
                  | (rPois) [potion of mutation]
  1077 | D:1      | Gained mutation: You are partially covered in slimy green
                  | scales. (AC +2) [potion of mutation]
  1079 | D:1      | HP: 1/32 [poisoned by an adder]
  1086 | D:1      | Succumbed to an adder's poison

Skill      XL: |  1  2 |
---------------+-------+-----
Transmutations | 3 |  3.8
Fighting       | |  1.1
Dodging        | |  1.7
Unarmed Combat | |  3.5
Spellcasting   | |  2.1

Action                   |  1- 3 |  4- 6 || total
-------------------------+-------+-------++-------
Melee: Unarmed           |   114 |       ||   114
       Kick              |    14 |       ||    14
       Punch             |     2 |       ||     2
 Cast: Beastly Appendage |    16 |       ||    16
  Use: Potion            |     5 |     1 ||     6
 Stab: Sleeping          |     2 |       ||     2
  Eat: Chunk             |     1 |       ||     1
Armor: Robe              |    37 |       ||    37
Dodge: Dodged            |    79 |       ||    79
